 Dungeon Crawl Stone Soup version 0.20-a0-1074-g6a0a8e1 (webtiles) character file.

112 s1b0rg2 the Skirmisher (level 4, -8/40 HPs)
             Began as a Hill Orc Fighter on Apr 29, 2017.
             Killed from afar by Ijyb (20 damage)
             ... with a wand of lightning (?/15)
             ... on level 4 of the Dungeon.
             The game lasted 00:15:20 (1481 turns).

s1b0rg2 the Skirmisher (Hill Orc Fighter)           Turns: 1481, Time: 00:15:21

Health: -8/40      AC: 10    Str: 21    XL:     4   Next: 93%
Magic:  4/4        EV:  7    Int:  8    God:
Gold:   152        SH:  9    Dex: 10    Spells: 3/3 levels left

rFire    . . .     SeeInvis .   a - +0 long sword
rCold    . . .     Gourm    .   c - +0 shield
rNeg     . . .     Faith    .   b - +0 scale mail
rPois    .         Spirit   .   (no helmet)
rElec    .         Reflect  .   (no cloak)
rCorr    .         Harm     .   q - +2 pair of gloves
MR       .....                  (no boots)
Stlth    ..........             (no amulet)
Regen    0.2/turn               k - +2 ring of strength
MPRegen  0.1/turn               (no ring)

@: no status effects
A: no striking features
a: no special abilities


You were on level 4 of the Dungeon.
You were not hungry.

You visited 1 branch of the dungeon, and saw 4 of its levels.

You collected 152 gold pieces.

Inventory:

Hand Weapons
 a - a +0 long sword (weapon)
Missiles
 r - 16 bolts
Armour
 b - a +0 scale mail (worn)
 c - a +0 shield (worn)
 q - a +2 pair of gloves (worn)
Jewellery
 k - a +2 ring of strength (left hand)
Scrolls
 e - 2 scrolls of remove curse {unknown}
 g - a scroll of identify {unknown}
 h - a scroll of noise {unknown}
 j - a scroll of teleportation {unknown}
 n - a scroll of amnesia {unknown}
 p - 2 scrolls of random uselessness {unknown}
Potions
 d - a potion of might
 i - 3 potions of lignification {unknown}
 l - a potion of heal wounds {unknown}
 o - a potion of agility {unknown}
Books
 m - a book of Misfortune

   Spells                             Type                      Level
   a - Confusing Touch                Hexes                        1
   b - Confuse                        Hexes                        3
   c - Gell's Gravitas                Translocation                3
   d - Petrify                        Transmutation/Earth          4
   e - Metabolic Englaciation         Hexes/Ice                    5
   f - Yara's Violent Unravelling     Hexes/Transmutation          5
Comestibles
 f - a bread ration


   Skills:
 + Level 4.3 Fighting
 + Level 3.2 Long Blades
 + Level 3.8 Armour
 + Level 0.7 Dodging
 + Level 0.1 Stealth
 + Level 4.2 Shields


You had 3 spell levels left.
You didn't know any spells.

Dungeon Overview and Level Annotations

Branches:
Dungeon (3/15)

Altars:

Annotations:
D:2 Robin
D:4 Ijyb


Message History

You closely miss Ijyb. Ijyb screams, "I dance on your bones!"
Ijyb hits you but does no damage.
Your shield prevents you from hitting Ijyb.
You block Ijyb's attack.
You hit Ijyb but do no damage. Ijyb hits you but does no damage. x2
You closely miss Ijyb. Ijyb hits you but does no damage.
You barely miss Ijyb. Ijyb closely misses you.
You riposte.
You slash Ijyb!
Ijyb is heavily wounded.
You hit Ijyb but do no damage.
Ijyb is heavily wounded.
Ijyb zaps a wand.
The bolt of lightning hits you!
It is a wand of lightning (?/15).
Ijyb zaps a wand.
The bolt of lightning hits you!
* * * LOW HITPOINT WARNING * * *
You hit Ijyb.
Ijyb is severely wounded.
Ijyb zaps a wand.
The bolt of lightning hits you!
Ouch! That really hurt!
You die...

###### ##### #..g.#
..#.. #@# ##.#.### #.#
##.#.#.# #.# ##.#...#
#.#
##.....#########.#####
...............#.....##
#.(.>.................#
#..............#####$..#
#........#....## #.#


You could see Ijyb.

Vanquished Creatures
  An orc priest (D:4)
  A worker ant (D:4)
  An adder (D:4)
  An adder skeleton (D:4)
  A worm (D:4)
  3 leopard geckos
  2 orcs (D:4)
  4 bats
  A hobgoblin (D:1)
  5 jackals (D:1)
  A quokka (D:4)
  A frilled lizard (D:1)
  5 goblins
  5 kobolds
  7 rats
39 creatures vanquished.

Notes
Turn   | Place    | Note
-------+----------+-------------------------------------------
     0 | D:1      | s1b0rg2 the Hill Orc Fighter began the quest for the Orb.
     0 | D:1      | Reached XP level 1. HP: 19/19 MP: 1/1
   264 | D:1      | Reached XP level 2. HP: 23/27 MP: 2/2
   566 | D:1      | Reached XP level 3. HP: 29/33 MP: 3/3
  1230 | D:2      | Noticed Robin
  1246 | D:2      | You fall through a shaft for 2 floors!
  1267 | D:4      | Reached XP level 4. HP: 40/40 MP: 4/4
  1472 | D:4      | Noticed Ijyb
  1481 | D:4      | Killed from afar by Ijyb

Vault maps used:
D:1:      lemuel_arrival_muddy, minivault_14
D:2:      uniq_robin
D:3:      cheibrodos_pilgrimage, old_standard_altar,
          ashenzari_conservatory_becter, first_bread, uniq_jessica
D:4:      kennysheep_mini, fedhas_altar_1, uniq_ijyb

Skill      XL: |  1  2  3  4 |
---------------+-------------+-----
Fighting       | 4 |  4.3
Long Blades    | 3 |  3.2
Shields        | 4 |  4.2
Armour         | |  3.8
Dodging        | |  0.7
Stealth        | |  0.1

Action                   |  1- 3 |  4- 6 || total
-------------------------+-------+-------++-------
Melee: Long sword        |   127 |    30 ||   157
  Eat: Bread ration      |       |     1 ||     1
Armor: Scale mail        |    71 |     9 ||    80
Dodge: Dodged            |    46 |    11 ||    57
Block: Shield            |    85 |    11 ||    96
       Rpst.: Long sword |    16 |     2 ||    18
